 Dungeon Crawl Stone Soup version 0.30-a0-824-g6c64550be9 (webtiles) character file.

Game seed: 5353940560970139136

5 Esekla the Sneak (level 1, 7/16 HPs)
             Began as an Octopode Delver on Feb 28, 2023.
             Quit the game on level 5 of the Dungeon.
             The game lasted 00:00:27 (29 turns).

Esekla the Sneak (Octopode Delver)                    Turns: 29, Time: 00:00:27

Health: 7/16       AC:  1    Str: 11    XL:     1   Next: 80%
Magic:  1/1        EV: 13    Int: 12    God:
Gold:   9          SH:  0    Dex: 13    Spells: 0/0 levels left

rFire   . . .      SeeInvis .    a - +0 falchion
rCold   . . .      Faith    .    (no shield)
rNeg    . . .      Spirit   .    (helmet restricted)
rPois   .          Reflect  .    (no amulet)
rElec   .          Harm     .    (no ring)
rCorr   .          Rampage  .    (no ring)
Will    .....                    (no ring)
Stlth   ++++                     (no ring)
HPRegen 0.22/turn                (no ring)
MPRegen 0.07/turn                (no ring)
                                 (no ring)
                                 (no ring)

@: no status effects
A: almost no armour, amphibious, 8 rings, camouflage 1, gelatinous body 1,
(nimble swimmer 1), tentacles
a: no special abilities


You were on level 5 of the Dungeon.
You visited 1 branch of the dungeon, and saw 1 of its levels.

You collected 9 gold pieces.

Inventory:

Hand Weapons
 a - a +0 falchion (weapon)
Wands
 f - a wand of digging (3)
Scrolls
 b - a scroll of fog
 d - a scroll of fear
Potions
 e - a potion of haste
 g - a potion of resistance {unknown}


   Skills:
 * Level 3.0 Fighting
 * Level 2.0 Long Blades
 * Level 2.0 Dodging
 + Level 6.7 Stealth
 * Level 0.1 Spellcasting


You couldn't memorise any spells.
You didn't know any spells.
Your spell library was empty.

Dungeon Overview and Level Annotations

Branches:
Dungeon (5/15)
 Temple: D:4-7

Altars:


Innate Abilities, Weirdness & Mutations

You cannot wear most types of armour.
You are amphibious.
You can wear up to eight rings at the same time.
Your skin changes colour to match your surroundings (Stealth+).
Your rubbery body absorbs attacks. (AC +1, EV +1)
((You are camouflaged when in or above water. (Stealth+)))
You have tentacles for arms and can constrict up to eight enemies at once.


Message History

Welcome, Esekla the Octopode Delver.
If you return without finding the Orb of Zot, so far below, it's all over!
Press ? for a list of commands and other information.
Found 5 gold pieces.
Found a stone staircase leading down and a stone staircase leading up.
Found a chain mail.
Found 4 gold pieces.
You now have 5 gold pieces.
An ufetubus comes into view.
Found a sedimented silvery potion.
The ufetubus shouts!
You closely miss the ufetubus. Your grab misses the ufetubus.
The ufetubus misses you. The ufetubus closely misses you.
You barely miss the ufetubus. Your grab misses the ufetubus.
Your squeeze misses the ufetubus. The ufetubus barely misses you.
The ufetubus misses you. The ufetubus hits you. The ufetubus barely misses you.
You hit the ufetubus but do no damage. You grab the ufetubus.
You constrict the ufetubus. The ufetubus completely misses you.
The ufetubus misses you. The ufetubus closely misses you.
The ufetubus hits you.
You hit the ufetubus but do no damage.
The ufetubus is lightly wounded.
You constrict the ufetubus. The ufetubus closely misses you.
The ufetubus barely misses you. x2; The ufetubus hits you.
You completely miss the ufetubus.
The ufetubus is moderately wounded.
You constrict the ufetubus, but do no damage.
The ufetubus closely misses you. The ufetubus barely misses you.
The ufetubus hits you.
The ufetubus hits you but does no damage.
You hit the ufetubus.
The ufetubus is severely wounded.
You constrict the ufetubus.
You kill the ufetubus!
You now have 9 gold pieces (gained 4).
g - a sedimented silvery potion You see here a +0 chain mail.
As you read the scroll of magic mapping, it crumbles to dust.
You feel aware of your surroundings.
Are you sure you want to abandon this character and quit the game? (Confirm with "yes".)

*,,,,,,,,**,,,,*
*******,,***,,,*****
*,,,,,,,,,,,,,,,
*##*,**,**,,,*****,
##..,,*,,*,,*,* ***
##..**,.,*,,**,****,,
##..###.###.#**,,,****
#.....#.....# ***,**
#....@.....#* *,,**
##...........# **,,**
##............# **,,,
*#.............# ***,
*#..##.........## **
#..#*##...#...## ** #.#*
#..####..# *****,
#.##*#.## **.## ****,,,,,
#...##.####..#****,,,,,,,*


There were no monsters in sight!

Vanquished Creatures
  An ufetubus (D:5)
1 creature vanquished.

Notes
Turn   | Place    | Note
-------+----------+-------------------------------------------
     0 | D:5      | Esekla the Octopode Delver began the quest for the Orb.
     0 | D:5      | Reached XP level 1. HP: 16/16 MP: 1/1
    29 | D:5      | Quit the game

Illustrated notes

Levels and vault maps discovered:
D:5:      layout_rooms

Action                     || total
---------------------------++-------
  Melee: Falchion          ||     6
         Constrict         ||     1
    Use: Scroll            ||     1
 Armour: Skin              ||     1
  Dodge: Dodged            ||    13

Table legend: (Time is in decaauts)
 A = Elapsed time spent in this place.
 B = Non-inter-level travel time spent in this place.
 C = Inter-level travel time spent in this place.
 D = Time resting spent in this place.
 E = Time spent auto-exploring this place.
 F = Levels seen in this place.
 G = Mean time per level.
                   A        B        C        D        E       F      G
               +--------+--------+--------+--------+--------+-----+--------+
         Total |     30 |     30 |      0 |      0 |      0 |   1 |   30.0 |
       Dungeon |     30 |     30 |      0 |      0 |      0 |   1 |   30.0 |
               +--------+--------+--------+--------+--------+-----+--------+

Top non-repeatable levels by time:
     D:5: 30 daAuts
